 Dungeon Crawl Stone Soup version 0.29-a0-723-gce39da1c22 (webtiles) character file.

Game seed: 574337599103804087

28 ytrimaz the Shield-Bearer (level 3, 29/29 HPs)
             Began as a Demonspawn Fighter on June 28, 2022.
             Quit the game on level 3 of the Dungeon.
             The game lasted 00:01:55 (1267 turns).

ytrimaz the Shield-Bearer (Demonspawn Fighter)      Turns: 1267, Time: 00:01:55

Health: 29/29      AC:  6    Str: 18    XL:     3   Next: 0%
Magic:  3/3        EV:  9    Int:  9    God:
Gold:   114        SH:  4    Dex: 12    Spells: 2/2 levels left

rFire   . . .      SeeInvis .   a - +1 war axe
rCold   . . .      Faith    .   c - +0 buckler
rNeg    . . .      Spirit   .   b - +0 scale mail
rPois   .          Reflect  .   (no helmet)
rElec   .          Harm     .   (no cloak)
rCorr   .          Rampage  .   (no gloves)
Will    .....                   (no boots)
Stlth   ..........              (no amulet)
HPRegen 0.09/turn               (no ring)
MPRegen 0.08/turn               (no ring)

@: no status effects
A: foul stench 1, demonic touch 1
a: no special abilities


You were on level 3 of the Dungeon.
You visited 1 branch of the dungeon, and saw 4 of its levels.

You collected 114 gold pieces.

Inventory:

Hand Weapons
 a - a +1 war axe (weapon)
Armour
 b - a +0 scale mail (worn)
 c - a +0 buckler (worn)
Scrolls
 f - a scroll of teleportation {unknown}
 i - 3 scrolls of enchant weapon
 j - a scroll of identify {unknown}
Potions
 d - a potion of might
 e - a potion of curing {unknown}
 g - a potion of heal wounds {unknown}
 h - 2 potions of ambrosia {unknown}


   Skills:
 - Level 3.0 Fighting
 + Level 2.3 Axes
 - Level 2.6 Armour
 * Level 3.4 Shields


You had 2 spell levels left.
You didn't know any spells.
Your spell library was empty.

Dungeon Overview and Level Annotations

Branches:
Dungeon (4/15)
 Temple: D:4-7

Altars:
Hepliaklqana


Innate Abilities, Weirdness & Mutations

You may rarely emit foul miasma when damaged in melee.
Your touch may inflict minor irresistible damage on your foes.


Message History

A hobgoblin comes into view.
The hobgoblin shouts!
There is a stone staircase leading up here.
You climb upwards.
Found 3 scrolls of enchant weapon.
There is a stone staircase leading down here.
A hobgoblin comes into view.
Found a scroll labelled ISYDUG MADOSK.
The hobgoblin shouts!
A hobgoblin is nearby!
A hobgoblin is nearby!
You see here 3 scrolls of enchant weapon.
i - 3 scrolls of enchant weapon The hobgoblin hits you.
You barely miss the hobgoblin. The hobgoblin barely misses you.
You closely miss the hobgoblin. The hobgoblin closely misses you.
You barely miss the hobgoblin. The hobgoblin closely misses you.
The hobgoblin hits you but does no damage.
You barely miss the hobgoblin.
The hobgoblin hits you but does no damage.
You barely miss the hobgoblin. The hobgoblin hits you.
The hobgoblin barely misses you.
You barely miss the hobgoblin. The hobgoblin barely misses you.
You slash the hobgoblin!
You kill the hobgoblin!
You have reached level 3!
Your experience leads to an increase in your attributes!
Increase (S)trength, (I)ntelligence, or (D)exterity?
You feel stronger. x2; Your demonic ancestry asserts itself...
Your hands begin to faintly glow with unholy energy.
You see here a hobgoblin corpse.
HP restored.
j - a scroll labelled ISYDUG MADOSK You open the door.
There is an open door here.
A hobgoblin comes into view.
The hobgoblin shouts!
A hobgoblin is nearby!
A hobgoblin is nearby!
Are you sure you want to abandon this character and quit the game? (Confirm with "yes".)

########
#####......##
#...'.......#
#@###.......#
#.#
#.......####
#.#
#.....†....#
#.#
#######....#
...
.......>...#
#.#
########...#
#g# .......
#.# #####...
...


You could see a hobgoblin.

Vanquished Creatures
  2 ball pythons
  2 endoplasms (D:2)
  2 giant cockroaches (D:1)
  2 goblins (D:2)
  8 hobgoblins
  2 quokkas
  A frilled lizard (D:2)
  A kobold (D:2)
  3 rats
23 creatures vanquished.

Notes
Turn   | Place    | Note
-------+----------+-------------------------------------------
     0 | D:1      | ytrimaz the Demonspawn Fighter began the quest for the Orb.
     0 | D:1      | Reached XP level 1. HP: 18/18 MP: 1/1
   208 | D:1      | Gained mutation: You may rarely emit foul miasma when
                  | damaged in melee. [demonic ancestry]
   208 | D:1      | Reached XP level 2. HP: 22/24 MP: 2/2
  1095 | D:2      | You fall into a shaft and drop 2 floors!
  1099 | D:4      | Found a hazy altar of Hepliaklqana.
  1172 | D:3      | Gained mutation: Your touch may inflict minor irresistible
                  | damage on your foes. [demonic ancestry]
  1172 | D:3      | Reached XP level 3. HP: 21/29 MP: 3/3
  1267 | D:3      | Quit the game

Illustrated notes

Levels and vault maps discovered:
D:1:      wander_arrival_desolate, layout_basic, minmay_misc_feat_cross
D:2:      layout_basic
D:3:      layout_basic, grunt_temple_overflow_open,
          dreamdust_ecumenical_altar_statues
D:4:      layout_rooms, nicolae_overflow_crystal_walls, serial_park_tiny_1,
          sigmund_edmund_badplayer

Skill      XL: |  1  2 |
---------------+-------+-----
Shields        | 3 |  3.4
Axes           | 2 |  2.3
Fighting       | |  3.0
Armour         | |  2.6

Action                   || total
-------------------------++-------
Melee: War axe           ||    54
  Use: Scroll            ||     2
Armor: Scale mail        ||    20
Dodge: Dodged            ||    23
Block: Buckler           ||    11

Table legend: (Time is in decaauts)
 A = Elapsed time spent in this place.
 B = Non-inter-level travel time spent in this place.
 C = Inter-level travel time spent in this place.
 D = Time resting spent in this place.
 E = Time spent auto-exploring this place.
 F = Levels seen in this place.
 G = Mean time per level.
                   A        B        C        D        E       F      G
               +--------+--------+--------+--------+--------+-----+--------+
         Total |   1290 |   1270 |     20 |      0 |   1071 |   4 |  322.5 |
       Dungeon |   1290 |   1270 |     20 |      0 |   1071 |   4 |  322.5 |
               +--------+--------+--------+--------+--------+-----+--------+

Top non-repeatable levels by time:
     D:1: 771 daAuts
     D:2: 344 daAuts
     D:3: 110 daAuts
     D:4: 63 daAuts
